 Dungeon Crawl Stone Soup version 0.29.1-1-gd02db6906a (webtiles) character file.

Game seed: 9004805102929788707

20735 mcbry74 the Severer (level 12, -1/91 HPs)
             Began as a Minotaur Berserker on Sept 21, 2022.
             Was a High Priest of Trog.
             Slain by Rupert
             ... wielding a +1 great sword of holy wrath
              (18 damage)
             ... on level 3 of the Lair of Beasts.
             The game lasted 00:50:10 (13874 turns).

mcbry74 the Severer (Minotaur Berserker)           Turns: 13874, Time: 00:50:10

Health: -1/91      AC: 18    Str: 27    XL:     12   Next: 48%
Magic:  11/11      EV:  7    Int:  6    God:    Trog [*****.]
Gold:   526        SH: 15    Dex: 10    Spells: 11/11 levels left

rFire   . . .      SeeInvis .   S - +9 broad axe of Doors {flame, Fly Str+2}
rCold   . . .      Faith    .   t - +4 kite shield
rNeg    . . .      Spirit   .   M - +0 plate armour
rPois   +          Reflect  .   (helmet restricted)
rElec   .          Harm     .   L - scarf {repulsion}
rCorr   .          Rampage  .   D - +0 pair of gloves
Will    .....                   u - +0 pair of boots
Stlth   ..........              h - amulet of the acrobat
HPRegen 0.25/turn               v - ring of poison resistance
MPRegen 0.12/turn               q - +4 ring of slaying

@: silenced, flying, repel missiles
A: horns 2, retaliatory headbutt
a: Renounce Religion


You were on level 3 of the Lair of Beasts.
You worshipped Trog.
Trog was extremely pleased with you.
You visited 2 branches of the dungeon, and saw 14 of its levels.
You also visited: Bailey.

You collected 1656 gold pieces.
You spent 1130 gold pieces at shops.

Inventory:

Hand Weapons
 S - the +9 broad axe of Doors (weapon) {flame, Fly Str+2}
   (Trog gifted it to you on level 10 of the Dungeon)

   It burns those it strikes, dealing additional fire damage.
   Big, fiery blades are also staple armaments of hydra-hunters.
   Str:       It affects your strength (+2).
   Fly:       It grants you flight.
 Y - a +5 war axe of freezing
Missiles
 y - 12 poisoned darts
 E - a curare-tipped dart
 O - 89 stones (quivered)
 R - 37 boomerangs
Armour
 t - a +4 kite shield (worn)
 u - a +0 pair of boots (worn)
 D - a +0 pair of gloves (worn)
 L - a scarf of repulsion (worn)
 M - a +0 plate armour (worn)
Jewellery
 e - a ring of willpower
 h - an amulet of the acrobat (around neck)
 i - a ring of protection from fire
 p - a ring of see invisible
 q - a +4 ring of slaying (right hand)
 v - a ring of poison resistance (left hand)
 w - a ring of positive energy
 U - a ring of resist corrosion
 V - the ring of Zyedimn {rPois rCorr Str-5 Int+6 Stlth+}
   (You found it in a bailey)

   [ring of intelligence]

   Str:       It affects your strength (-5).
   Int:       It affects your intelligence (+6).
   rPois:     It protects you from poison.
   rCorr:     It protects you from acid and corrosion.
   Stlth:     It makes you more stealthy.
Wands
 k - a wand of polymorph (10)
 N - a wand of flame (55)
 P - a wand of quicksilver (19)
 W - a wand of paralysis (6)
 Z - a wand of mindburst (7)
Scrolls
 a - 2 scrolls of silence
 b - a scroll of butterflies
 c - 3 scrolls of identify
 j - a scroll of magic mapping
 l - a scroll of enchant armour
 n - 3 scrolls of vulnerability
 r - 5 scrolls of enchant weapon
 x - 5 scrolls of poison
 B - 3 scrolls of amnesia
 F - 2 scrolls of fear
 G - a scroll of blinking {unknown}
 I - 6 scrolls of teleportation
 J - a scroll of immolation
 T - a scroll of summoning {unknown}
Potions
 d - 5 potions of heal wounds
 f - 7 potions of flight
 g - 5 potions of haste
 m - 6 potions of curing
 o - 4 potions of lignification {unknown}
 s - 7 potions of attraction
 z - 3 potions of invisibility
 A - 4 potions of might {unknown}
 C - 2 potions of degeneration {unknown}
 H - 4 potions of mutation {unknown}
 K - a potion of ambrosia {unknown}
 Q - a potion of resistance {unknown}
 X - 2 potions of brilliance {unknown}


   Skills:
 - Level 4.0 Fighting
 * Level 16.0 Axes
 - Level 1.9 Ranged Weapons
 + Level 8.4 Throwing
 + Level 11.4 Armour
 - Level 3.1 Dodging
 + Level 10.5 Shields
 + Level 3.9 Evocations


You had 11 spell levels left.
You didn't know any spells.
Your spell library contained the following spells:

 Spells                   Type           Power      Damage    Failure   Level
 Apportation              Tloc           0%         N/A       100%        1
 Freeze                   Ice            0%         1d3       100%        1
 Ensorcelled Hibernation  Hex/Ice        0%         N/A       100%        2
 Passwall                 Tmut/Erth      0%         N/A       100%        2
 Sublimation of Blood     Necr           0%         N/A       100%        2
 Wereblood                Tmut           0%         N/A       100%        2
 Frozen Ramparts          Ice            0%         1d1       100%        3
 Spider Form              Tmut/Pois      0%         N/A       100%        3
 Swiftness                Air            0%         N/A       100%        3
 Anguish                  Hex/Necr       0%         N/A       100%        4
 Hailstorm                Conj/Ice       0%         3d3       100%        4
 Olgreb's Toxic Radiance  Pois           0%         N/A       100%        4
 Alistair's Intoxication  Tmut/Pois      0%         N/A       100%        5
 Fireball                 Conj/Fire      0%         3d3       100%        5
 Starburst                Conj/Fire      0%         6d3       100%        6
 Ozocubu's Refrigeration  Ice            0%         4d7       100%        7
 Summon Hydra             Summ           0%         N/A       100%        7
 Ignition                 Fire           0%         3d3       100%        8


Dungeon Overview and Level Annotations

Branches:
Dungeon (10/15)            Temple (0/1) D:7            Lair (4/5) D:9
  Slime (0/5) Lair:4          Orc (0/2) D:10         Bailey (visited)
  Swamp: Lair:2-3    Shoals: Lair:2-3     Snake: Lair:2-3    Spider: Lair:2-3

Altars:
Fedhas
Gozag

Shops:
D:6 =

Annotations:
D:5 3 runed translucent doors, pedritolo's ghost, amateur FeCK
D:8 2 transporters
Lair:3 Rupert


Innate Abilities, Weirdness & Mutations

You have a pair of horns on your head.
You reflexively headbutt those who attack you in melee.


Message History

Rupert barely misses you.
You slash Rupert! You burn Rupert. You headbutt Rupert, but do no damage.
Rupert is moderately wounded.
You hit Rupert. You burn Rupert.
Rupert is moderately wounded.
Rupert hits you with a +1 great sword of holy wrath.
You slash Rupert! You burn Rupert.
Rupert is heavily wounded.
You block Rupert's attack.
You closely miss Rupert.
Rupert is heavily wounded.
Rupert flies into a rage!
Rupert goes berserk!
You slash Rupert! You burn Rupert.
Rupert is heavily wounded.
You block Rupert's attack. x2
You barely miss Rupert.
Rupert is heavily wounded.
Rupert hits you with a +1 great sword of holy wrath!
You slice Rupert!! You burn Rupert.
Rupert is severely wounded.
You block Rupert's attack.
You completely miss Rupert.
Rupert is severely wounded.
Rupert hits you with a +1 great sword of holy wrath!!
You block Rupert's attack.
You slash Rupert! You burn Rupert.
Rupert is severely wounded.
Rupert hits you with a +1 great sword of holy wrath!
Okay, then.
Rupert hits you with a +1 great sword of holy wrath!!!
* * * LOW HITPOINT WARNING * * *
Rupert attacks as you move away! Rupert completely misses you.
You block Rupert's attack.
Rupert rages.
You feel much better.
Rupert hits you with a +1 great sword of holy wrath!!
* * * LOW HITPOINT WARNING * * *
Rupert hits you with a +1 great sword of holy wrath!!
You die...

#.....................#
#....................##
##....÷>.....†........#
......................##
.....###...#.##.<#P##..#
P#... ##..#####..#######
#... #...# #..# #..
##..#####..# #..
#...##..#.@###### ..
..........@.....#
................#
............#####
#.........P#
#.........##
#...........#
##.........##
......$.....#


You could see Rupert (berserk).

Vanquished Creatures
  4 hydras
  Erica (D:8)
  A two-headed ogre (D:9)
  Pikel (D:8)
  2 black mambas
  Maurice (D:8)
  4 elephants (Lair:4)
  4 cane toads
  Maggie (D:7)
  5 komodo dragons
  2 trolls (D:10)
  A hornet (D:9)
  4 blink frogs (Lair:4)
  Grinder (D:3)
  A shadow (D:10)
  2 vampires
  15 yaks
  3 wraiths
  5 wyverns
  A basilisk (D:9)
  Grum (D:8)
  3 vampire mosquitoes (D:10)
  2 steam dragons (D:8)
  The ghost of Ashen the Chiller, an amateur DsIE (D:4)
  6 water moccasins
  5 orc warriors
  3 ice beasts
  2 black bears
  The ghost of Kahsius the Ruffian, an amateur DrTm (D:3)
  5 ogres
  5 wolves
  2 centaurs
  A lemure (D:8)
  A kobold brigand (D:9)
  8 bullfrogs
  Blork the orc (D:5)
  3 gnoll sergeants
  4 scorpions
  7 wights
  3 killer bees (D:7)
  An electric eel (D:10)
  3 howler monkeys
  4 orc priests
  2 jellies
  Crazy Yiuf (D:5)
  A gnoll bouda (D:10)
  6 hounds
  3 iguanas
  Natasha (thrice) (D:2)
  9 orc wizards
  Robin (D:3)
  12 gnolls
  4 adders
  A shadow imp (D:7)
  A white imp (D:8)
  6 worms
  3 dart slugs
  35 orcs
  2 endoplasms
  3 giant cockroaches
  22 goblins
  8 hobgoblins
  25 kobolds
  A quokka (D:3)
  4 ball pythons
  3 bats
  4 frilled lizards
  A rat (D:3)
292 creatures vanquished.

Vanquished Creatures (others)
  15 fungi
  15 plants
30 creatures vanquished.

Grand Total: 322 creatures vanquished

Notes
Turn   | Place    | Note
-------+----------+-------------------------------------------
     0 | D:1      | mcbry74 the Minotaur Berserker began the quest for the Orb.
     0 | D:1      | Reached XP level 1. HP: 19/19 MP: 0/0
    23 | D:1      | Reached skill level 4 in Axes
    23 | D:1      | Reached XP level 2. HP: 20/27 MP: 1/1
  1071 | D:2      | Noticed Natasha
  1076 | D:2      | Killed Natasha
  1077 | D:2      | Reached XP level 3. HP: 33/33 MP: 2/2
  1308 | D:2      | Noticed Natasha
  1349 | D:2      | Killed Natasha
  1350 | D:2      | Reached skill level 5 in Axes
  1350 | D:2      | Reached XP level 4. HP: 32/40 MP: 3/3
  1443 | D:2      | Noticed Natasha
  1449 | D:2      | Killed Natasha
  1678 | D:3      | Reached ** piety under Trog
  1696 | D:3      | Reached XP level 5. HP: 33/46 MP: 4/4
  1825 | D:3      | Found a transporter.
  1826 | D:3      | Noticed Kahsius's ghost (amateur DrTm)
  1831 | D:3      | Identified the +0 great mace "Reacsaq" {spect, Str+2}
  1831 | D:3      | Noticed an ogre
  1834 | D:3      | Found a transporter.
  1875 | D:3      | Noticed Grinder
  1887 | D:3      | Killed Grinder
  1888 | D:3      | Reached skill level 6 in Axes
  1888 | D:3      | Reached skill level 1 in Ranged Weapons
  1888 | D:3      | Reached XP level 6. HP: 52/52 MP: 5/5
  2684 | D:3      | Noticed Robin
  2730 | D:3      | Killed Robin
  3190 | D:4      | Reached skill level 7 in Axes
  3190 | D:4      | Reached skill level 1 in Shields
  3336 | D:4      | Reached XP level 7. HP: 59/59 MP: 6/6
  3663 | D:4      | Reached skill level 5 in Armour
  4198 | D:4      | Found a runed translucent door.
  4198 | D:4      | Noticed Ashen's ghost (amateur DsIE)
  4207 | D:4      | Killed Ashen's ghost
  4208 | D:4      | Reached skill level 8 in Axes
  4208 | D:4      | Reached skill level 1 in Throwing
  4342 | D:5      | Entered Level 5 of the Dungeon
  4391 | D:5      | Noticed Blork the orc
  4408 | D:5      | Killed Blork the orc
  4408 | D:5      | Reached *** piety under Trog
  4466 | D:5      | Reached XP level 8. HP: 64/66 MP: 7/7
  4559 | D:5      | Found a runed translucent gate.
  4559 | D:5      | Found a runed translucent gate.
  4559 | D:5      | Found an opulent altar of Gozag.
  4560 | D:5      | Found a runed translucent gate.
  4562 | D:5      | Noticed pedritolo's ghost (amateur FeCK)
  4667 | D:5      | Found a blossoming altar of Fedhas.
  4727 | D:5      | Reached skill level 9 in Axes
  5019 | D:5      | Found a runed translucent door.
  5020 | D:5      | Noticed Crazy Yiuf
  5025 | D:5      | Killed Crazy Yiuf
  5239 | D:6      | Found Cirafel's Jewellery Shoppe.
  5985 | D:7      | Found a staircase to the Ecumenical Temple.
  6050 | D:7      | Reached skill level 10 in Axes
  6050 | D:7      | Reached skill level 5 in Shields
  6070 | D:7      | Noticed a komodo dragon
  6086 | D:7      | Killed a komodo dragon
  6087 | D:7      | Reached XP level 9. HP: 32/71 MP: 8/8
  6169 | D:7      | Found a flagged portal.
  6193 | Bailey   | Entered a bailey
  6519 | Bailey   | Identified the ring of Zyedimn {rPois rCorr Str-5 Int+6
                  | Stlth+}
  6622 | D:7      | Noticed Maggie
  6639 | D:7      | Killed Maggie
  6640 | D:7      | Reached skill level 11 in Axes
  6988 | D:8      | Reached **** piety under Trog
  7004 | D:8      | Reached skill level 5 in Throwing
  7327 | D:8      | Found a transporter.
  7329 | D:8      | Found a transporter.
  7330 | D:8      | Noticed a boulder beetle
  7349 | D:8      | Noticed Grum
  7364 | D:8      | Killed Grum
  7368 | D:8      | Reached XP level 10. HP: 71/78 MP: 9/9
  7443 | D:8      | Noticed Maurice
  7453 | D:8      | Killed Maurice
  7454 | D:8      | Reached skill level 12 in Axes
  7759 | D:8      | Noticed Erica
  7797 | D:8      | Killed Erica
  7918 | D:8      | Noticed Pikel
  7968 | D:8      | Killed Pikel
  8621 | D:3      | Killed Kahsius's ghost
  8855 | D:9      | Noticed a two-headed ogre
  8860 | D:9      | Killed a two-headed ogre
  8861 | D:9      | Reached skill level 13 in Axes
  9533 | D:9      | Found a staircase to the Lair.
  9556 | D:9      | Reached XP level 11. HP: 52/84 MP: 10/10
 10062 | D:6      | Bought a ring of see invisible for 150 gold pieces
 10062 | D:6      | Bought a +4 ring of slaying for 780 gold pieces
 10062 | D:6      | Bought a ring of poison resistance for 200 gold pieces
 10150 | D:9      | Reached ***** piety under Trog
 10385 | D:9      | Reached skill level 14 in Axes
 10634 | D:10     | Entered Level 10 of the Dungeon
 10711 | D:10     | Reached skill level 10 in Armour
 11296 | D:10     | Identified the +9 broad axe of Doors {flame, Fly Str+2}
                  | (Trog gifted it to you on level 10 of the Dungeon)
 11296 | D:10     | Received a gift from Trog
 11448 | D:10     | Found a staircase to the Orcish Mines.
 11542 | Lair:1   | Entered Level 1 of the Lair of Beasts
 11692 | Lair:1   | Reached skill level 1 in Evocations
 12506 | Lair:2   | Reached skill level 15 in Axes
 12509 | Lair:2   | You are sucked into a shaft and drop 2 floors!
 12509 | Lair:4   | Noticed a four-headed hydra
 12509 | Lair:4   | Noticed a six-headed hydra
 12517 | Lair:3   | Killed a two-headed hydra
 12524 | Lair:4   | Killed a two-headed hydra
 12528 | Lair:4   | Reached XP level 12. HP: 36/91 MP: 11/11
 12832 | Lair:4   | Found a staircase to the Slime Pits.
 12917 | Lair:4   | Reached skill level 10 in Shields
 13021 | Lair:4   | Noticed a seven-headed hydra
 13032 | Lair:4   | Killed a three-headed hydra
 13062 | Lair:4   | Noticed a six-headed hydra
 13077 | Lair:4   | Killed a two-headed hydra
 13815 | Lair:3   | Reached skill level 16 in Axes
 13856 | Lair:3   | Noticed Rupert
 13870 | Lair:3   | HP: 3/91 [Rupert/+1 great sword of holy wrath (37)]
 13874 | Lair:3   | Slain by Rupert

Illustrated notes

Levels and vault maps discovered:
D:1:      dpeg_arrival_rooms_with_view, layout_basic, minivault_23,
          chequers_serial_rivers_micro_c, minmay_misc_feat_rows,
          lemuel_flame_loot_1
D:2:      layout_basic, uniq_natasha
D:3:      layout_loops_corners, gammafunk_ghost_smash, uniq_grinder, uniq_robin
D:4:      layout_basic, gammafunk_ghost_grave, minmay_misc_feat_cross
D:5:      layout_basic, fedhas_altar_3, ebering_ghost_gozag,
          kennysheep_big_empty_room, uniq_blork_the_orc, uniq_crazy_yiuf_cottage
D:6:      layout_layer_cave, serial_shops, kennysheep_mini_moat
D:7:      layout_basic, temple_hall, enter_bailey_4, uniq_maggie
D:8:      gammafunk_boulding_lane, layout_loops_corners, uniq_grum, uniq_pikel,
          uniq_maurice, uniq_erica
D:9:      layout_big_octagon, minmay_lair_entry_grove
D:10:     layout_basic, orc_0_dummy, dreamdust_gnoll_shepherd
Lair:1:   layout_concentric_octagons, patterned_corridor
Lair:2:   layout_chaotic_city, serial_bayou_shore_a, grunt_megastairs_5,
          lemuel_fruit_fields
Lair:3:   layout_small_grid, minmay_shoals_entry_hut, spider_nest_entry_webs,
          nicolae_lair_run_with_the_wolves, uniq_rupert, uniq_josephine
Lair:4:   layout_loops_ring, slime_entry_1, grunt_megastairs_4

Skill      XL: |  1  2  3  4  5  6  7  8  9 10 11 12 |
---------------+-------------------------------------+-----
Axes           | 4 5 6 7 8 10 11 13 15 16 | 16.0
Fighting       | 4 |  4.0
Armour         | 3 4 5 7 8 9 10 11 | 11.4
Dodging        | 3 |  3.1
Ranged Weapons | 1 |  1.9
Shields        | 1 3 5 6 8 9 10 | 10.5
Throwing       | 2 3 5 6 7 8 |  8.4
Evocations     | 2 3 |  3.9

Action                   |  1- 3 |  4- 6 |  7- 9 | 10-12 || total
-------------------------+-------+-------+-------+-------++-------
Melee: Hand axe          |    57 |   119 |    40 |       ||   216
       Headbutt          |     4 |    18 |    55 |    54 ||   131
       War axe           |       |       |   277 |   197 ||   474
       Broad axe         |       |       |       |   139 ||   139
 Fire: Sling             |       |     4 |       |       ||     4
       Longbow           |       |     3 |       |       ||     3
Throw: Stone             |     4 |       |     9 |    16 ||    29
       Dart              |       |       |     5 |       ||     5
Invok: Berserk           |     1 |     1 |     5 |     1 ||     8
       Trog's Hand       |       |       |     3 |     1 ||     4
Evoke: Wand              |       |       |       |     1 ||     1
  Use: Potion            |       |       |     1 |     1 ||     2
       Scroll            |       |       |       |    21 ||    21
Armor: Chain mail        |    21 |    52 |    50 |       ||   123
       Animal skin       |     2 |       |       |       ||     2
       Plate armour      |       |       |    99 |   139 ||   238
Dodge: Dodged            |    22 |    41 |   104 |   105 ||   272
       Repelled          |       |       |       |     1 ||     1
Block: Buckler           |       |    13 |     2 |       ||    15
       Kite shield       |       |       |   118 |   162 ||   280
